Map: Neon Violet Square LE

Players

StonedJeezus - Winner!

  • Race: Zerg Zerg
  • League: Master
  • Spawn Location: 11:00

Golin

  • Race: Zerg Zerg
  • League: Gold
  • Spawn Location: 5:00

VOD

https://www.youtube.com/watch?v=A0kf2CBoJV0

Description

This one is for the books.
Natural with 7 HP @ 12:58 was like... "Not today, bro."

Time

  • Played on: Feb. 23, 2025, 8:30 a.m.
  • Length: 19:58
Show
View Real Time Build Order
Export as new Build Order

StonedJeezus Zerg - Winner!

Build Orders: 1 Base Baneling Bust, Pool First 

Get SALT Encoding   

  12  0:02  Drone  
  13  0:12  Drone  
  14  0:20  Overlord  
  14  0:40  Drone  
  14  0:41  Drone x2  
  17  0:49  Spawning Pool  
  16  0:51  Drone, Extractor  
  16  1:02  Drone  
  17  1:18  Drone  
  17  1:23  Overlord  
  18  1:35  Queen  
  20  1:43  Extractor  
  20  1:46  Drone  
  20  1:47  Zergling x2  
  20  1:52  Metabolic Boost  
  21  1:57  Zergling x2  
  22  2:10  Baneling Nest  
  22  2:14  Zergling x2  
  22  2:25  Hatchery  
  21  2:33  Zergling x2  
  21  2:34  Drone  
  23  2:40  Drone  
  24  2:45  Drone  
  24  2:47  Overlord  
  24  2:48  Drone  
  26  2:53  Drone  
  27  3:04  Zergling x2  
  28  3:17  Zergling x2  
  28  3:18  Zergling x4  
  31  3:29  Zergling x2  
  31  3:30  Zergling x2  
  33  3:47  Baneling x3  
  26  4:15  Baneling  
  25  4:23  Zergling x6  
  25  4:24  Zergling x2  
  29  4:27  Queen, Roach Warren  
  29  4:28  Drone x3  
  32  4:34  Zergling x2  
  32  4:43  Drone  
  33  4:48  Baneling Nest  
  33  4:49  Evolution Chamber  
  33  4:52  Drone x2  
  34  5:07  Roach x3  
  34  5:10  Roach  
  34  5:11  Roach  
  43  5:15  Zerg Missile Weapons Level 1  
  43  5:17  Overlord  
  41  5:30  Drone  
  41  5:32  Overlord  
  42  5:41  Roach x4  
  50  5:48  Roach  
  47  5:50  Zergling x2  
  47  5:51  Zergling x8  
  40  6:16  Zergling x4  
  38  6:20  Zergling x8  
  39  6:25  Roach  
  39  6:27  Roach x2  
  39  6:30  Queen  
  45  6:36  Drone  
  45  6:59  Drone x2  
  47  7:01  Spine Crawler  
  47  7:05  Spine Crawler  
  47  7:06  Roach x2  
  47  7:13  Lair  
  47  7:17  Drone  
  47  7:22  Drone  
  49  7:27  Zergling x2  
  49  7:29  Roach  
  48  7:40  Drone  
  48  7:42  Drone  
  48  7:43  Drone x2  
  52  7:57  Drone x2  
  52  7:58  Drone  
  53  8:11  Queen  
  51  8:19  Queen  
  51  8:26  Zergling x4  
  51  8:27  Zergling x8  
  51  8:38  Spine Crawler  
  51  8:40  Drone x2  
  52  8:42  Overlord  
  51  9:04  Baneling x3  
  51  9:19  Hatchery  
  51  9:21  Drone x3  
  53  9:25  Drone x2  
  53  9:26  Drone x3  
  58  9:35  Zerg Missile Weapons Level 2  
  58  9:39  Drone  
  59  9:48  Extractor  
  59  9:50  Extractor  
  57  10:02  Drone x2  
  57  10:03  Overlord x2  
  59  10:12  Spore Crawler  
  59  10:13  Spire  
  57  10:15  Glial Reconstitution  
  57  10:20  Spore Crawler  
  56  10:21  Drone  
  56  10:22  Drone  
  56  10:28  Drone x3  
  59  10:29  Drone  
  61  10:41  Roach x2  
  61  10:42  Roach  
  55  10:43  Zergling x2  
  55  10:44  Zergling x2  
  55  10:48  Zergling x2  
  55  10:49  Zergling x2  
  55  11:00  Zergling x6  
  58  11:08  Spine Crawler  
  57  11:15  Extractor  
  57  11:16  Extractor  
  55  11:21  Drone x3  
  55  11:22  Drone  
  59  11:36  Queen  
  59  11:38  Zerg Flyer Weapons Level 1  
  61  11:50  Evolution Chamber  
  60  11:55  Spine Crawler  
  60  12:00  Drone x3  
  62  12:07  Drone  
  62  12:08  Drone x2  
  65  12:18  Overseer  
  65  12:36  Hatchery, Mutalisk  
  65  12:37  Mutalisk x2  
  64  12:39  Mutalisk x4  
  78  12:57  Roach x2  
  79  12:58  Roach  
  79  12:59  Zergling x2  
  76  13:10  Queen  
  72  13:22  Mutalisk x2  
  73  13:35  Queen  
  75  13:48  Mutalisk  
  75  13:49  Mutalisk x3  
  83  14:11  Mutalisk x2  
  83  14:13  Overlord x3  
  83  14:14  Overlord x2  
  87  14:47  Overlord x2  
  87  14:48  Overlord x5  
  69  15:11  Zergling x12  
  69  15:12  Zergling x22  
  86  15:25  Queen  
  86  15:26  Drone x3  
  90  15:47  Zergling x10  
  90  15:48  Drone x2  
  97  15:53  Extractor  
  97  15:55  Extractor  
  95  16:02  Mutalisk x6  
  103  16:36  Zergling x8  
  103  16:37  Zergling x20  
  92  16:56  Zerg Ground Armor Level 1  
  92  17:00  Queen, Drone x2  
  92  17:01  Drone  
  97  17:09  Baneling x7  
  97  17:10  Baneling  
  97  17:18  Overlord x3  
  97  17:25  Roach Warren  
  97  17:28  Drone x2  
  97  18:00  Baneling  
  93  18:36  Roach x2  
  93  18:37  Roach x18  
  132  18:53  Baneling x14  
  132  18:54  Baneling x2  
  124  19:25  Overseer  
  124  19:27  Overseer  
  124  19:28  Overseer x9  
  124  19:32  Drone  
Show
View Real Time Build Order
Export as new Build Order

Golin Zerg 

Build Orders: 1 Base Baneling Bust, Pool First, Zergling Baneling 

Get SALT Encoding   

  12  0:01  Drone  
  13  0:12  Drone  
  14  0:19  Overlord  
  14  0:34  Spawning Pool  
  13  0:38  Extractor  
  13  0:40  Drone  
  13  0:45  Drone  
  13  0:48  Drone  
  16  0:57  Drone  
  16  1:03  Drone  
  17  1:13  Drone  
  18  1:24  Baneling Nest  
  17  1:27  Drone  
  17  1:30  Queen  
  20  1:35  Drone  
  21  1:46  Drone  
  22  2:02  Overlord  
  22  2:20  Overlord  
  22  2:25  Zergling x2  
  22  2:29  Hatchery  
  22  2:36  Zergling x2  
  23  2:38  Queen  
  25  2:47  Zergling x8  
  29  3:02  Zergling x2  
  30  3:12  Baneling x3  
  30  3:13  Baneling x8  
  30  3:14  Baneling  
  30  3:24  Zergling x8  
  30  4:14  Zergling x10  
  30  4:15  Zergling x6  
  35  4:37  Zergling x8  
  36  4:40  Zergling x8  
  36  4:42  Baneling  
  36  4:43  Baneling x2  
  40  4:46  Baneling x3  
  40  4:47  Baneling x3  
  40  4:49  Baneling  
  40  4:52  Zergling x6  
  43  4:56  Overlord  
  43  5:16  Zergling x2  
  43  5:17  Zergling x10  
  48  5:27  Zergling x4  
  46  5:48  Zergling x6  
  46  5:49  Zergling x2  
  45  6:00  Zergling x4  
  43  6:11  Baneling x3  
  43  6:12  Baneling  
  43  6:15  Metabolic Boost  
  38  6:20  Zergling x8  
  38  6:29  Hatchery  
  28  7:12  Baneling x3  
  28  7:13  Baneling x5  
  28  7:15  Zergling x2  
  29  7:16  Zergling x18  
  29  7:17  Zergling x2  
  37  7:35  Zergling x10  
  25  8:22  Zergling x12  
  25  8:23  Zergling x14  
  35  8:53  Drone x2  
  35  8:54  Drone x6  
  35  8:55  Drone  
  44  9:11  Baneling x5  
  44  9:12  Baneling x3  
  44  9:13  Baneling  
  44  9:16  Baneling  
  44  9:17  Baneling  
  44  9:18  Baneling x2  
  44  9:21  Baneling  
  44  9:40  Queen  
  44  9:44  Zergling x10  
  44  9:45  Zergling x4  
  53  9:46  Zergling x2  
  54  10:01  Zergling x8  
  54  10:06  Overlord x2  
  33  11:17  Zergling x14  
  33  11:18  Zergling x16  
  45  11:19  Zergling x14  
  45  11:20  Zergling x6  
  58  11:31  Zergling x2  
  58  11:32  Zergling x10  
  64  11:33  Zergling x2  
  64  11:39  Baneling  
  65  11:40  Baneling x8  
  65  11:41  Baneling x6  
  65  12:04  Zergling x14  
  65  12:05  Zergling x4  
  65  12:08  Overlord x4  
  74  12:33  Zergling x14  
  74  12:34  Zergling x8  
  58  13:13  Spore Crawler  
  58  13:14  Spore Crawler  
  58  13:15  Spore Crawler  
  58  13:16  Spore Crawler, Drone x3  
  58  13:17  Drone x4  
  36  13:34  Spore Crawler  
  36  13:37  Spore Crawler  
  36  13:39  Spore Crawler  
  33  13:41  Spore Crawler, Drone x4  
  33  13:42  Drone x4  
  40  13:48  Spore Crawler  
  40  13:50  Spore Crawler  
  40  13:51  Spore Crawler  
  37  13:55  Drone  
  37  13:56  Drone x2  
  40  14:05  Zergling x10  
  45  14:21  Zergling x10  
  45  14:22  Zergling x8  
  54  14:42  Spore Crawler  
  53  14:45  Extractor  
  53  14:46  Zergling x4  
  53  14:47  Zergling x20  
  53  14:49  Zergling x2  
  53  14:51  Zergling x2  
  36  15:55  Queen  
  38  16:00  Spine Crawler  
  38  16:02  Extractor  
  38  16:03  Lair, Extractor  
  35  16:09  Extractor  
  35  16:11  Extractor  
  33  16:12  Zergling x14  
  33  16:13  Zergling x16  
  33  16:14  Zergling x16  
  33  16:15  Zergling x12  
  35  16:53  Queen  
  34  16:55  Drone x8  
  34  16:56  Drone x2  
  44  17:10  Hydralisk Den  
  43  17:47  Lurker Den  
  43  17:48  Drone x3  
  43  17:50  Drone x3  
  28  18:14  Hydralisk x5  
  34  18:46  Lurker x5  
  39  19:39  Hatchery  
Tags
 
Add a new tag
Caveats
  • Supply blocks, unpowered buildings, or Contaminate may cause inaccurate times.
  • Supply counts are checked every 10 seconds.